 Dungeon Crawl Stone Soup version 0.17.1-3-g152610e (webtiles) character file.

14817 barb4r1an the Fighter (level 11, 0/160 HPs)
             Began as a Minotaur Berserker on Apr 9, 2016.
             Was a High Priest of Trog.
             Slain by an orc warrior
             ... wielding a +4 battleaxe of chopping
              (19 damage)
             ... on level 12 of the Dungeon.
             The game lasted 00:45:48 (9300 turns).

barb4r1an the Fighter (Minotaur Berserker)          Turns: 9300, Time: 00:45:49

Health: 0/160      AC:  8    Str: 29    XL:     11   Next: 93%
Magic:  0/8        EV: 16    Int:  4    God:    Trog [*****.]
Gold:   189        SH:  0    Dex: 11    Spells: 0 memorised, 10 levels left

rFire  + . .     SeeInvis .     I - +2 battleaxe (chop)
rCold  . . .     Clarity  .     u - +1 leather armour {rF+}
rNeg   . . .     SustAt   .     (shield currently unavailable)
rPois  .         Gourm    .     N - +0 hat {Spirit}
rElec  .         Spirit   +     (no cloak)
rCorr  .         Warding  .     v - +0 pair of gloves
rMut   .         Stasis   .     d - +0 pair of boots
MR     +....                    s - amulet of regeneration
Stlth  ..........               q - ring of protection from magic
                                y - +2 ring of dexterity

@: berserking (expiring), very quick, somewhat resistant to hostile
enchantments, extremely unstealthy
A: retaliatory headbutt, horns 2, clumsy 1, low mp 1
a: Berserk, Trog's Hand, Brothers in Arms, Burn Spellbooks, Renounce Religion


You were on level 12 of the Dungeon.
You worshipped Trog.
Trog was extremely pleased with you.
You were not hungry.

You visited 1 branch of the dungeon, and saw 12 of its levels.

You collected 495 gold pieces.
You spent 306 gold pieces at shops.

Inventory:

Hand Weapons
 p - a +3 hand axe
 C - a +1 war axe
 I - a +2 battleaxe of chopping (weapon)
Missiles
 L - 8 exploding tomahawks (quivered)
Armour
 d - a +0 pair of boots (worn)
 u - a +1 leather armour of fire resistance (worn)
 v - a +0 pair of gloves (worn)
 D - a +0 pair of boots
 N - a +0 hat of spirit shield (worn)
Jewellery
 o - an uncursed ring of ice
 q - a ring of protection from magic (right hand)
 s - an amulet of regeneration (around neck)
 x - an uncursed ring of fire
 y - a +2 ring of dexterity (left hand)
 J - an uncursed amulet of resist corrosion
Wands
 a - a wand of confusion (42)
 r - a wand of confusion (8)
Scrolls
 e - 4 scrolls of enchant weapon
 f - 2 scrolls of fog
 i - 2 scrolls of fear
 j - 2 scrolls of enchant armour
 k - 5 scrolls of amnesia
 t - 10 scrolls of teleportation
 E - 2 scrolls of immolation
 F - a scroll of random uselessness
Potions
 g - 2 potions of heal wounds
 h - 6 potions of curing
 l - 3 potions of flight
 m - 5 potions of resistance
 n - 2 potions of haste
 w - a potion of might {unknown}
 A - 2 potions of brilliance
 B - a potion of berserk rage {unknown}
 H - a potion of invisibility {unknown}
Miscellaneous
 K - a plain deck of summoning {the Illusion}
Comestibles
 b - 3 meat rations
 z - 4 bread rations
 G - 8 slices of pizza
 M - a beef jerky


   Skills:
 * Level 13.0 Fighting
 + Level 11.8 Axes
 + Level 11.9 Armour
 - Level 9.0 Dodging
   Level 4.1 Shields


You had 10 spell levels left.
You didn't know any spells.

Dungeon Overview and Level Annotations

Branches:
Dungeon (12/15)            Temple (0/1) D:6            Lair (0/8) D:11
    Orc (0/4) D:12

Altars:
Ashenzari
Cheibriados
Dithmenos
Elyvilon
Fedhas
Gozag
Ru
Trog
Vehumet
Xom
Yredelemnul
Zin
The Shining One

Shops:
D:7 %*   D:10 :*=!   D:11 *


Innate Abilities, Weirdness & Mutations

You reflexively headbutt those who attack you in melee.
You have a pair of horns on your head.
You are clumsy. (Dex -2)
Your magical capacity is low (-10% MP).


Message History

You hit the orc warrior.
The orc warrior is almost dead.
The orc warrior completely misses you.
You slice the orc warrior like a ripe choko!!!
You kill the orc warrior!
Trog accepts your kill.
You slash the orc warrior!
The orc warrior is heavily wounded.
You slash the orc priest!
You kill the orc priest!
Trog accepts your kill. The orc warrior barely misses you.
You barely miss the orc warrior. You headbutt the orc warrior!
The orc warrior is almost dead.
You completely miss the orc. You closely miss the orc warrior.
The orc warrior is almost dead.
You barely miss the orc. The orc barely misses you.
The orc warrior hits you with a battleaxe of chopping!!
You die...

....# #.# #..# . #.#
#..## .. #.# #...< ...
#.# ###.##. .... #.#
#...... ..... #.#
#.#.###
......######.#####.#.#
.>....o@.............#
.....oo###########.###
....... #.# .$....#
#.# )..... #.# ......
..# ..... ### #.###


You could see an orc warrior and 2 orcs.

Vanquished Creatures
  Gastronok (D:11)
  Erolcha (D:10)
  Harold (D:10)
  An unseen horror (D:12)
  Maurice (D:8)
  2 gargoyles (D:10)
  A spiny frog (D:11)
  A centaur skeleton (D:11)
  A troll (D:10)
  2 two-headed ogres
  Grinder (D:4)
  Sigmund (D:5)
  A human (D:9)
  Eustachio (D:6)
  A hippogriff (D:8)
  Grum (D:10)
  3 wolves (D:10)
  A hungry ghost (D:11)
  Duvessa (D:6)
  2 ice beasts
  2 sky beasts
  A necrophage (D:11)
  2 phantoms
  7 orc warriors
  9 ogres
  9 centaurs
  An eye of draining (D:8)
  15 giant frogs
  Blork the orc (D:6)
  2 big kobolds (D:8)
  Dowan (D:6)
  A water moccasin zombie (D:7)
  5 scorpions
  10 wights
  A wyvern skeleton (D:12)
  14 killer bees
  5 crimson imps
  3 jellies
  18 orc wizards
  7 hounds
  2 centaur zombies (D:8)
  A giant frog zombie (D:11)
  3 quasits
  8 orc priests
  A hell rat (D:11)
  9 worker ants
  Natasha (D:4)
  3 iguanas
  4 sheep (D:9)
  A hound zombie (D:6)
  A hound skeleton (D:7)
  12 adders
  3 river rats (D:11)
  A worker ant zombie (D:9)
  4 shadow imps
  An ooze (D:4)
  4 worms
  7 giant geckos
  34 orcs
  7 bats
  5 giant cockroaches
  7 goblins
  12 hobgoblins
  14 jackals
  10 kobolds
  7 quokkas
  2 ball pythons
  A giant gecko skeleton (D:6)
  2 giant gecko zombies
  A giant newt (D:2)
  5 rats
312 creatures vanquished.

Vanquished Creatures (collateral kills)
  A hill giant (D:11)
  A worker ant (D:11)
2 creatures vanquished.

Grand Total: 314 creatures vanquished

Notes
Turn   | Place    | Note
--------------------------------------------------------------
     0 | D:1      | barb4r1an the Minotaur Berserker began the quest for the Orb.
     0 | D:1      | Reached XP level 1. HP: 19/19 MP: 0/0
   125 | D:1      | Reached XP level 2. HP: 20/27 MP: 1/1
   231 | D:1      | Reached skill level 4 in Axes
   632 | D:2      | Reached ** piety under Trog
   673 | D:2      | Found an opulent altar of Gozag.
   873 | D:2      | Reached XP level 3. HP: 33/33 MP: 2/2
  1086 | D:2      | Found a shattered altar of Ashenzari.
  1469 | D:3      | Reached XP level 4. HP: 33/40 MP: 3/3
  1588 | D:3      | Found a shadowy altar of Dithmenos.
  1705 | D:3      | Found a blossoming altar of Fedhas.
  1751 | D:3      | Reached XP level 5. HP: 47/47 MP: 4/4
  1834 | D:3      | Reached *** piety under Trog
  1960 | D:3      | Reached skill level 5 in Axes
  2004 | D:4      | Reached skill level 5 in Fighting
  2004 | D:4      | Reached XP level 6. HP: 44/56 MP: 5/5
  2118 | D:4      | Noticed Grinder
  2127 | D:4      | Killed Grinder
  2249 | D:4      | Noticed Eustachio
  2257 | D:4      | Reached XP level 7. HP: 44/61 MP: 6/6
  2384 | D:4      | Reached skill level 5 in Armour
  2528 | D:4      | Found a glowing silver altar of Zin.
  2528 | D:4      | Found a white marble altar of Elyvilon.
  2532 | D:4      | Found a glowing golden altar of the Shining One.
  2546 | D:4      | Noticed Natasha
  2553 | D:4      | Killed Natasha
  2614 | D:5      | Entered Level 5 of the Dungeon
  2624 | D:5      | Reached skill level 6 in Fighting
  2624 | D:5      | Reached skill level 5 in Dodging
  2625 | D:5      | Found a blossoming altar of Fedhas.
  2778 | D:5      | Noticed Sigmund
  2787 | D:5      | Killed Sigmund
  2787 | D:5      | Reached XP level 8. HP: 71/71 MP: 7/7
  2878 | D:5      | Reached skill level 7 in Axes
  3125 | D:5      | Reached **** piety under Trog
  3265 | D:5      | Found a snail-covered altar of Cheibriados.
  3725 | D:6      | HP: 2/73 [orc warrior/trident (18)]
  3914 | D:6      | Killed Eustachio
  4212 | D:6      | Found a staircase to the Ecumenical Temple.
  4261 | D:6      | Reached XP level 9. HP: 81/81 MP: 8/8
  4447 | D:6      | Reached skill level 8 in Fighting
  4479 | D:6      | Noticed Duvessa
  4488 | D:6      | Killed Duvessa
  4490 | D:6      | Noticed Dowan
  4496 | D:6      | Killed Dowan
  4497 | D:6      | Noticed Blork the orc
  4505 | D:6      | Killed Blork the orc
  4518 | D:6      | Found a white marble altar of Elyvilon.
  4855 | D:7      | Found Sajijocu's Food Boutique.
  4875 | D:7      | Bought a meat ration for 65 gold pieces
  4875 | D:7      | Bought a meat ration for 65 gold pieces
  4875 | D:7      | Bought a bread ration for 65 gold pieces
  4875 | D:7      | Bought a royal jelly for 26 gold pieces
  5032 | D:7      | Received a gift from Trog
  5045 | D:7      | Found Rtyiwuentue's Retail Resort.
  5289 | D:7      | Reached skill level 9 in Fighting
  5370 | D:7      | Reached ***** piety under Trog
  5833 | D:8      | Found a sacrificial altar of Ru.
  5850 | D:8      | Reached XP level 10. HP: 62/91 MP: 9/9
  5947 | D:8      | Noticed Maurice
  6139 | D:8      | Found a basalt altar of Yredelemnul.
  6215 | D:8      | Killed Maurice
  6221 | D:8      | Found a bloodstained altar of Trog.
  6446 | D:8      | Found a radiant altar of Vehumet.
  6633 | D:9      | Found a shimmering altar of Xom.
  6670 | D:9      | Reached skill level 10 in Fighting
  6675 | D:9      | Reached skill level 10 in Armour
  6675 | D:9      | Reached skill level 10 in Axes
  7203 | D:10     | Entered Level 10 of the Dungeon
  7262 | D:10     | Noticed Erolcha
  7271 | D:10     | Killed Erolcha
  7400 | D:10     | Noticed Grum
  7415 | D:10     | Killed Grum
  7415 | D:10     | Reached XP level 11. HP: 39/101 MP: 10/10
  7476 | D:10     | Received a gift from Trog
  7537 | D:10     | Found Feaciy's Distillery.
  7545 | D:10     | Bought 2 potions of mutation for 85 gold pieces
  7545 | D:10     | Gained mutation: You are clumsy. (Dex -2) [potion of mutation]
  7545 | D:10     | Gained mutation: Your body sometimes deteriorates upon taking damage. [potion of mutation]
  7545 | D:10     | Gained mutation: Your magical capacity is low (-10% MP). [potion of mutation]
  7546 | D:10     | Gained mutation: You are weak. (Str -2) [potion of mutation]
  7546 | D:10     | Lost mutation: You are weak. (Str -2) [potion of mutation]
  7546 | D:10     | Lost mutation: Your body sometimes deteriorates upon taking damage. [potion of mutation]
  7603 | D:10     | Found Yzalooma's Jewellery Emporium.
  7623 | D:10     | Reached skill level 11 in Fighting
  7645 | D:10     | Found Vegaizae's Book Shop.
  7831 | D:10     | Found Fip Wez's Assorted Antiques.
  7834 | D:10     | Noticed Harold
  7847 | D:10     | Killed Harold
  8397 | D:11     | Noticed a hill giant
  8402 | D:11     | Killed a hill giant
  8421 | D:11     | Found a staircase to the Lair.
  8472 | D:11     | Reached skill level 12 in Fighting
  8810 | D:11     | Found Houd's Demolitions Depot.
  8835 | D:11     | Noticed Gastronok
  8853 | D:11     | Killed Gastronok
  9287 | D:12     | Found a staircase to the Orcish Mines.
  9295 | D:12     | Killed an unseen horror
  9296 | D:12     | Reached skill level 13 in Fighting
  9300 | D:12     | Slain by an orc warrior

Action                   |  1- 3 |  4- 6 |  7- 9 | 10-12 || total
-------------------------+-------+-------+-------+-------++-------
Melee: Hand axe          |    70 |    68 |   314 |   149 ||   601
       Battleaxe         |       |       |       |   156 ||   156
Invok: Berserk           |       |     2 |     4 |     4 ||    10
       Trog's Hand       |       |       |     3 |     2 ||     5
       Burn Spellbooks   |       |       |     1 |     3 ||     4
       Brothers in Arms  |       |       |       |     1 ||     1
  Use: Scroll            |     6 |     3 |    11 |     8 ||    28
       Potion            |     1 |       |     3 |     2 ||     6
  Eat: Bread ration      |       |     1 |     2 |     1 ||     4
       Fruit             |       |       |     2 |       ||     2
       Meat ration       |       |       |     1 |     3 ||     4
       Royal jelly       |       |       |     1 |       ||     1
       Beef jerky        |       |       |       |     2 ||     2
